 Dungeon Crawl Stone Soup version 0.29-a0-271-gd4eb659eea (webtiles) character file.

Game seed: 14421211297803100292

351 kae the Charlatan (level 6, -1/35 (36) HPs)
             Began as a Kobold Artificer on Mar 8, 2022.
             Slain by a necrophage (7 damage)
             ... on level 3 of the Dungeon.
             The game lasted 00:04:01 (6811 turns).

kae the Charlatan (Kobold Artificer)                Turns: 6811, Time: 00:04:02

HP:   -1/35 (36)    AC:  4    Str: 11    XL:     6   Next: 93%
MP:   6/6           EV: 15    Int: 13    God:
Gold: 194           SH:  0    Dex: 15    Spells: 5/5 levels left

rFire   . . .      SeeInvis .   g - +0 dagger (protect)
rCold   . . .      Faith    .   (no shield)
rNeg    . . .      Spirit   .   b - +1 leather armour
rPois   .          Reflect  .   (no helmet)
rElec   .          Harm     .   (no cloak)
rCorr   .          Rampage  .   (no gloves)
Will    .....                   (no boots)
Stlth   +++.......              (no amulet)
HPRegen 0.11/turn               (no ring)
MPRegen 0.10/turn               (no ring)

@: lightly drained
A: small, no large weapons, nightstalker 3
a: no special abilities


You were on level 3 of the Dungeon.
You visited 1 branch of the dungeon, and saw 4 of its levels.

You collected 194 gold pieces.

Inventory:

Hand Weapons
 a - a +0 club
 g - a +0 dagger of protection (weapon)
Armour
 b - a +1 leather armour (worn)
Wands
 c - a wand of flame (3) (quivered)
 d - a wand of charming (12)
 e - a wand of iceblast (6)
Scrolls
 h - a scroll of fog
 l - a scroll of enchant armour


   Skills:
 + Level 2.8 Fighting
 * Level 3.5 Short Blades
 + Level 2.1 Armour
 + Level 3.9 Dodging
 + Level 3.9 Stealth
 + Level 4.8 Evocations


You had 5 spell levels left.
You didn't know any spells.
Your spell library contained the following spells:

 Spells                   Type           Power      Damage    Failure   Level
 Blink                    Tloc           0%         N/A       52%         2
 Lesser Beckoning         Tloc           0%         N/A       77%         3
 Freezing Cloud           Conj/Ice/Air   0%         6-21      100%        5
 Manifold Assault         Tloc           0%         N/A       100%        5
 Simulacrum               Ice/Necr       0%         N/A       100%        6
 Polar Vortex             Ice            0%         N/A       100%        9


Dungeon Overview and Level Annotations

Branches:
Dungeon (4/15)
 Temple: D:4-7

Altars:
Trog

Shops:
D:1 (

Annotations:
D:2 1 runed translucent door, Crazy Yiuf


Innate Abilities, Weirdness & Mutations

You are small and have problems with some larger weapons.
You are completely attuned to the shadows.


Message History

A hound is nearby!
A necrophage comes into view.
You feel less wooden.
Your +1 leather armour unmelds from your body.
Things that are here:
a +0 dagger; a +0 robe; an orc corpse The necrophage attacks as you move away!
The necrophage closely misses you.
The necrophage attacks as you move away!
The necrophage hits you.
* * * LOW HITPOINT WARNING * * *
The necrophage attacks as you move away!
The necrophage hits you but does no damage.
There is a stone staircase leading up here.
The necrophage barely misses you.
You climb upwards.
There is a stone staircase leading down here.
The necrophage hits you.
* * * LOW HITPOINT WARNING * * *
You see here a +1 dagger of venom.
The necrophage attacks as you move away!
The necrophage barely misses you.
The necrophage attacks as you move away!
The necrophage hits you.
* * * LOW HITPOINT WARNING * * *
You feel drained.
The necrophage attacks as you move away!
The necrophage misses you.
There is an escape hatch in the ceiling here.
Okay, then.
You aren't carrying any potions.
The necrophage attacks as you move away!
The necrophage hits you but does no damage.
The necrophage attacks as you move away!
The necrophage barely misses you.
The necrophage attacks as you move away!
The necrophage misses you.
The necrophage attacks as you move away!
The necrophage hits you!
You die...

####################
..........)........#
#####..#.#######.#.#
#####....# #.#.#
#.....##.#### #.#.#
#.###.......# #@#.#
#.# #.#####.####n#.#
#.###.# #.##...#.#
#....)# #.##..<..#
#.###.# #........#
..# #.#####.#.#.#..#
..#
#.......#.#.#..###
..#
####.####.#.#....#
.>######.#
#.#.#.##.#


You could see a necrophage.

Vanquished Creatures
  Sigmund (D:2)
  2 orc wizards (D:4)
  Robin (D:3)
  3 gnolls
  2 adders (D:3)
  2 worms
  A dart slug (D:3)
  2 orcs (D:4)
  9 ball pythons
  8 bats
  6 endoplasms
  6 giant cockroaches
  11 goblins
  6 hobgoblins
  3 jackals (D:3)
  5 kobolds
  A quokka (D:3)
  4 frilled lizards
  6 rats
79 creatures vanquished.

Vanquished Creatures (collateral kills)
  A gnoll (D:2)
1 creature vanquished.

Vanquished Creatures (others)
  A gnoll (D:2)
1 creature vanquished.

Grand Total: 81 creatures vanquished

Notes
Turn   | Place    | Note
-------+----------+-------------------------------------------
     0 | D:1      | kae the Kobold Artificer began the quest for the Orb.
     0 | D:1      | Reached XP level 1. HP: 12/12 MP: 1/1
   722 | D:1      | Reached XP level 2. HP: 16/16 MP: 2/2
   823 | D:1      | Reached skill level 1 in Armour
   939 | D:1      | Found Madiuxt's Antique Weapon Shop.
  1212 | D:1      | Reached XP level 3. HP: 20/20 MP: 3/3
  1443 | D:2      | Found a bloodstained altar of Trog.
  1443 | D:2      | Found a faded altar of an unknown god.
  1631 | D:2      | Reached skill level 4 in Evocations
  1851 | D:2      | Reached XP level 4. HP: 26/26 MP: 4/4
  2465 | D:2      | Noticed Sigmund
  2472 | D:2      | Killed Sigmund
  2473 | D:2      | Reached XP level 5. HP: 24/31 MP: 5/5
  2473 | D:2      | Reached XP level 6. HP: 28/36 MP: 6/6
  2809 | D:2      | Found a runed translucent door.
  2812 | D:2      | Noticed Crazy Yiuf
  4899 | D:3      | Noticed Robin
  6015 | D:3      | Killed Robin
  6811 | D:3      | Slain by a necrophage

Illustrated notes

Levels and vault maps discovered:
D:1:      erik_arrival_cave_to_civilisation [erik_arrival_cave_to_hall],
          layout_basic, serial_shops, nicolae_shop_crystal
D:2:      layout_loops_ring, serial_rivers, chequers_serial_rivers_small_3,
          chequers_serial_rivers_small_3, chequers_serial_rivers_small_3,
          chequers_serial_rivers_large_a, basic_altar, basic_ecumenical_altar,
          uniq_sigmund, uniq_crazy_yiuf_cottage
D:3:      minmay_chambers_of_twos, layout_loops_ring, uniq_robin
D:4:      layout_loops_ring, minmay_temple_entry_nine_rooms, serial_shops,
          nicolae_stop_n_shop_1, nicolae_shop_gadgets, uniq_pikel,
          uniq_eustachio

Skill      XL: |  1  2  3  4  5  6 |
---------------+-------------------+-----
Armour         | 1 2 |  2.1
Stealth        | 2 3 |  3.9
Evocations     | 4 |  4.8
Dodging        | 3 |  3.9
Fighting       | 2 |  2.8
Short Blades   | 2 3 |  3.5

Action                   |  1- 3 |  4- 6 || total
-------------------------+-------+-------++-------
Melee: Club              |    22 |       ||    22
       Dagger            |    51 |   322 ||   373
       Punch             |       |     5 ||     5
Evoke: Wand              |     9 |     9 ||    18
  Use: Scroll            |     3 |     5 ||     8
       Potion            |       |     2 ||     2
 Stab: Sleeping          |    15 |    10 ||    25
Armor: Leather armour    |    13 |    62 ||    75
       Skin              |       |    11 ||    11
Dodge: Dodged            |    48 |   210 ||   258

Table legend: (Time is in decaauts)
 A = Elapsed time spent in this place.
 B = Non-inter-level travel time spent in this place.
 C = Inter-level travel time spent in this place.
 D = Time resting spent in this place.
 E = Time spent auto-exploring this place.
 F = Levels seen in this place.
 G = Mean time per level.
                   A        B        C        D        E       F      G
               +--------+--------+--------+--------+--------+-----+--------+
         Total |   6804 |   6725 |     79 |   2513 |   3391 |   4 | 1701.0 |
       Dungeon |   6804 |   6725 |     79 |   2513 |   3391 |   4 | 1701.0 |
               +--------+--------+--------+--------+--------+-----+--------+

Top non-repeatable levels by time:
     D:3: 3159 daAuts
     D:2: 1903 daAuts
     D:1: 1659 daAuts
     D:4: 82 daAuts
